 Dungeon Crawl Stone Soup version 0.27-a0-1217-g8a41f320e8 (webtiles) character file.

Game seed: 2753750717643606791

9009 quinnr the Thaumaturge (level 11, -1/118 HPs)
             Began as a Djinni Air Elementalist on June 5, 2021.
             Was an Initiate of Hepliaklqana.
             Slain by Fannar
             ... wielding a staff of cold
              (5 damage)
             ... on level 9 of the Dungeon.
             The game lasted 00:45:42 (17334 turns).

quinnr the Thaumaturge (Djinni Air Elementalist)   Turns: 17334, Time: 00:45:43

Health: -1/118     AC: 25    Str:  4 (7)  XL:     11   Next: 66%
Gold:   1270       EV:  2    Int: 18 (20) God:    Hepliaklqana [......] SH:  0 Dex: 13 (14)

rFire    + . .     SeeInvis .   B - +1 trident (vamp)
rCold    + . .     Faith    .   (no shield)
rNeg     + + +     Spirit   .   (armour currently unavailable)
rPois    ∞         Reflect  .   (helmet currently unavailable)
rElec    +         Harm     .   (cloak currently unavailable)
rCorr    +         Rampage  .   (gloves currently unavailable)
Will     +....     NoTele   +   (boots unavailable)
Stlth    +.........             v - amulet of the acrobat
HPRegen  0.29/turn              i - +4 ring of evasion
MPRegen  0.00/turn              (no ring)

@: tree-form, silenced, resistant
A: stationary, stasis, torment immunity, boosted hp, sickness immunity, (fire
resistance 2), (cold vulnerability 1), float, innate caster, hp casting, extra
vitality 1
a: Renounce Religion


You were on level 9 of the Dungeon.
You worshipped Hepliaklqana.
Hepliaklqana was noncommittal.
You were a tree.
You visited 3 branches of the dungeon, and saw 13 of its levels.
You also visited: Ossuary.

You collected 1412 gold pieces.
You spent 142 gold pieces at shops.

Inventory:

Hand Weapons
 p - a +3 whip of freezing
 B - a +1 vampiric trident (weapon)
Missiles
 d - 4 silver javelins
 m - 5 poisoned darts
 z - 5 throwing nets
 D - 4 atropa-tipped darts
 E - 5 boomerangs of dispersal
Armour
 a - a +1 robe
 e - a +0 troll leather armour (melded)
 G - a +0 pair of gloves (melded)
Jewellery
 i - a +4 ring of evasion (left branch)
 v - an amulet of the acrobat (around neck)
 x - a ring of wizardry
Wands
 c - a wand of paralysis (8)
 h - a wand of acid (21)
 y - a wand of flame (39)
Scrolls
 f - a scroll of enchant weapon
 j - 2 scrolls of blinking
 q - 2 scrolls of noise
 u - 7 scrolls of teleportation
Potions
 g - 3 potions of flight
 l - 5 potions of lignification
 n - 3 potions of haste
 r - a potion of curing
 s - 4 potions of attraction
 t - 2 potions of might
 w - a potion of magic {unknown}
 A - a potion of mutation {unknown}
 C - a potion of ambrosia {unknown}
 F - a potion of resistance


   Skills:
 + Level 7.6 Fighting
 - Level 3.0 Armour
 - Level 6.0 Dodging
 - Level 4.0 Stealth
 - Level 11.0 Spellcasting


You had 4 spell levels left.
You knew the following spells:

 Your Spells              Type           Power      Damage    Failure   Level
a - Shock                 Conj/Air       100%       1d9       1%          1
b - Static Discharge      Conj/Air       49%        N/A       1%          2
c - Swiftness             Air            49%        N/A       1%          3
d - Airstrike             Air            24%        N/A       1%          4
e - Lightning Bolt        Conj/Air       24%        1d40      2%          5
f - Freeze                Ice            100%       1d11      1%          1
g - Call Imp              Summ           49%        N/A       1%          2
h - Blink                 Tloc           N/A        N/A       1%          2
i - Summon Lightning Spi  Summ/Air       49%        N/A       1%          4
j - Passage of Golubria   Tloc           N/A        N/A       1%          4
Your spell library was empty.

Dungeon Overview and Level Annotations

Branches:
Dungeon (11/15)            Temple (1/1) D:5            Lair (1/6) D:9
    Orc (0/2) D:9         Ossuary (visited)

Altars:
Ashenzari
Cheibriados
Dithmenos
Elyvilon
Fedhas
Gozag
Hepliaklqana
Kikubaaqudgha
Makhleb
Nemelex Xobeh
Okawaru
Qazlal
Ru
Sif Muna
Trog
Uskayaw
Vehumet
Wu Jian
Xom
Yredelemnul
Zin
The Shining One
Jiyva

Shops:
D:5 *

Annotations:
D:9 Fannar


Innate Abilities, Weirdness & Mutations

You are a tree.
Your roots penetrate the ground, keeping you stationary.
You cannot be teleported.
You are immune to unholy pain and torment.
Your maximum health is greatly increased.
Your equipment is partially melded.
You are immune to sickness and miasma.
You are immune to poison.
((Your flesh is very heat resistant. (rF++)))
((You are vulnerable to cold. (rC-)))
You float through the air rather than walking.
You learn spells naturally, not from books.
Your magical power is your life essence.
You have superior vitality. (+4 HP)


Message History

The puff of frost hits Fannar.
Fannar resists.
Unknown command.
The water moccasin closely misses you. The water moccasin bites you.
* * * LOW HITPOINT WARNING * * *
Your white imp hits Fannar.
Your white imp freezes Fannar.
Fannar completely resists.
Unknown command.
Really quaff the potion of lignification?
You turn into a tree.
Your +0 pair of gloves melds into your body.
Your +0 troll leather armour melds into your body.
Your roots penetrate the ground.
The water moccasin bites you but does no damage.
Fannar hits you but does no damage. Fannar freezes you!
* * * LOW HITPOINT WARNING * * *
Your white imp misses Fannar.
Unknown command.
You cannot cast spells when silenced!
Okay, then.
It was a potion of degeneration.
There was something very wrong with that liquid.
You feel weakened.
You feel dopey.
You feel clumsy.
The water moccasin bites you but does no damage.
Fannar hits you but does no damage. Fannar freezes you!
* * * LOW HITPOINT WARNING * * *
The water moccasin bites you but does no damage.
Your white imp gestures at Fannar.
The puff of frost hits Fannar.
Fannar resists.
It was a potion of curing.
You feel better.
The water moccasin bites you but does no damage.
Fannar hits you but does no damage. Fannar freezes you!
* * * LOW HITPOINT WARNING * * *
Your white imp misses Fannar.
Unknown command.
It was a potion of resistance.
You feel protected. The water moccasin bites you.
* * * LOW HITPOINT WARNING * * *
Fannar hits you but does no damage. Fannar freezes you.
You die...

[#...#..# #.# #...........##....
[#...#..####.###...........##....
)#...#................[....##....
.#...........###........[..##....
.#...##......# #.........[.......
.....##......# #....[.....[......
###..##......# #8..........[.....
# #..##......# #.e5..............
# #..##......# #♣S>##............
# #..##......# #..###............
# #..##......# #..# #......>.....
# #..........###..# #..##........
###.##...##.......# #..##........
....##...##.......# #..##........
....##...##..###..# #..##........
....##...##..# #..# #..##.###....
....##...##..# #..# #..##.# #....


You could see Fannar (ally target), a water moccasin (ally target), a friendly
lightning spire (summoned) and a friendly white imp (summoned).

Vanquished Creatures
  A centaur warrior (D:10)
  Harold (D:9)
  A two-headed ogre (D:11)
  Pikel (D:3)
  An unseen horror (D:10)
  2 trolls
  A wraith (D:7)
  A shadow (D:10)
  6 yaks
  A steam dragon (D:9)
  A vampire mosquito (D:9)
  Menkaure (D:4)
  4 water moccasins
  3 orc warriors
  An ice beast (D:5)
  A black bear (D:6)
  3 necrophages
  4 ogres
  A kobold brigand (D:6)
  2 gnoll sergeants
  A wyvern skeleton (D:6)
  4 wights (D:10)
  A bullfrog zombie (D:5)
  9 howler monkeys
  5 lava snakes (D:8)
  3 centaur zombies
  A human zombie (Ossuary)
  3 orc priests
  2 centaur skeletons
  A hound (D:4)
  A jelly (D:6)
  11 orc wizards
  2 mummies (Ossuary)
  A howler monkey zombie (D:10)
  8 adders
  9 gnolls (D:7)
  A howler monkey skeleton (D:7)
  A white imp (D:6)
  An adder zombie (Ossuary)
  An adder skeleton (D:4)
  4 worms
  22 orcs
  6 ball pythons
  7 bats
  5 endoplasms
  2 giant cockroaches (D:1)
  7 goblins
  6 hobgoblins
  6 jackals
  6 kobolds
  5 quokkas
  A frilled lizard (D:1)
  A goblin zombie (Ossuary)
  3 hobgoblin zombies (Ossuary)
  A jackal zombie (Ossuary)
  10 kobold zombies (Ossuary)
  9 orc zombies (Ossuary)
  6 rats
  A rat zombie (Ossuary)
211 creatures vanquished.

Vanquished Creatures (collateral kills)
  Erica (D:9)
  A two-headed ogre (D:9)
  A wraith (D:10)
  3 yaks
  A vampire mosquito (D:9)
  A water moccasin (D:8)
  A lemure (D:3)
  A wight (D:10)
  A centaur zombie (D:9)
  An orc priest (D:8)
  A gnoll shaman (D:7)
  A hound skeleton (D:4)
  A howler monkey zombie (D:9)
  An adder zombie (Ossuary)
  An orc (D:6)
  A goblin zombie (Ossuary)
  A jackal zombie (Ossuary)
  3 kobold zombies (Ossuary)
  3 orc zombies (Ossuary)
25 creatures vanquished.

Vanquished Creatures (others)
  2 plants (D:4)
2 creatures vanquished.

Grand Total: 238 creatures vanquished

Notes
Turn   | Place    | Note
-------+----------+-------------------------------------------
     0 | D:1      | quinnr the Djinni Air Elementalist began the quest for the
                  | Orb.
     0 | D:1      | Reached XP level 1. HP: 15/15 MP: 0/0
   596 | D:1      | Reached XP level 2. HP: 19/21 MP: 0/0
  1476 | D:1      | Reached skill level 3 in Spellcasting
  1476 | D:1      | Reached XP level 3. HP: 21/25 MP: 0/0
  1476 | D:1      | Learned a level 1 spell: Freeze
  2253 | D:2      | quinnr: ??vehumet
  2253 | D:2      | beem: vehumet[1/2]: The god of destructive magic. Offers
                  | you the opportunity to memorize up to 15 different
                  | destructive spells over the course of the game, beginning
                  | with a L1 spell at * piety and loosely weighted by
                  | elemental skills. Provides mana on kills at * piety,
                  | {wizardry} bonus for destructive spells at *** piety, and
                  | extra range at **** piety.
  2253 | D:2      | quinnr: ??wizardry
  2253 | D:2      | beem: ring of wizardry[1/2]: Makes spellcasting less likely
                  | to fail. Comes in ring form that stack, but not very well.
                  | Vehumet grants a similar boost to {destructive spells},
                  | which stacks well with the ring.
  2253 | D:2      | quinnr: ??wizardry[2
  2253 | D:2      | beem: ring of wizardry[2/2]: There is a cap on spell
                  | failure reduction from rings of wizardry and Vehumet. It is
                  | reached with: 5 rings of wizardry OR Vehumet and one ring
                  | of wizardry.
  2687 | D:3      | Reached XP level 4. HP: 28/31 MP: 0/0
  3225 | D:3      | Found a stormy altar of Qazlal.
  3483 | D:3      | Reached skill level 4 in Spellcasting
  3483 | D:3      | Reached XP level 5. HP: 29/35 MP: 0/0
  3483 | D:3      | Learned a level 2 spell: Call Imp
  3961 | D:4      | Noticed Pikel
  3961 | D:4      | Noticed a lemure
  3968 | D:4      | Noticed a lemure
  3970 | D:4      | Noticed a lemure
  3971 | D:4      | Noticed a lemure
  4321 | D:3      | Killed a lemure
  4613 | D:3      | Killed Pikel
  4614 | D:3      | Reached skill level 5 in Spellcasting
  4614 | D:3      | Reached XP level 6. HP: 12/40 MP: 0/0
  4614 | D:3      | Reached XP level 7. HP: 13/45 MP: 0/0
  4614 | D:3      | Learned a level 2 spell: Blink
  5016 | D:4      | Noticed Menkaure
  5151 | D:4      | quinnr: ??friendly fire
  5151 | D:4      | beem: I don't have a page labeled friendly_fire in my
                  | learndb.
  5151 | D:4      | quinnr: ??summon
  5151 | D:4      | beem: summoning[1/5]: The summoner background starts with a
                  | {book of callings}. Tired of message spam? Add this line to
                  | your options: "message_colour ^=
                  | mute:Your.*(bites|misses|hits|claws|gores)".
  5151 | D:4      | quinnr: ??friendly
  5151 | D:4      | beem: monster hostility[1/1]: Hostile, neutral, friendly,
                  | allied. Hostile monsters try to kill you, neutral wander
                  | around and hit whatever's in their way, friendly hit
                  | hostile monsters but not you, allied follow your commands.
  5151 | D:4      | quinnr: ??allies
  5151 | D:4      | beem: monster hostility[1/1]: Hostile, neutral, friendly,
                  | allied. Hostile monsters try to kill you, neutral wander
                  | around and hit whatever's in their way, friendly hit
                  | hostile monsters but not you, allied follow your commands.
  5151 | D:4      | quinnr: ??ally
  5151 | D:4      | beem: ally ~ allies ~ monster hostility[1/1]: Hostile,
                  | neutral, friendly, allied. Hostile monsters try to kill
                  | you, neutral wander around and hit whatever's in their way,
                  | friendly hit hostile monsters but not you, allied follow
                  | your commands.
  5530 | D:4      | Reached skill level 6 in Spellcasting
  5698 | D:4      | Killed Menkaure
  5893 | D:5      | Entered Level 5 of the Dungeon
  5893 | D:5      | Found a sand-covered staircase.
  5904 | Ossuary  | Entered an ossuary
  6195 | Ossuary  | Reached XP level 8. HP: 11/50 MP: 0/0
  7434 | D:5      | quinnr: mark??
  7434 | D:5      | beem: Reveals your location to all awake monsters on the
                  | level while in effect, and makes them more able to pathfind
                  | towards you. Caused by vault sentinels, alarm traps, and
                  | Dithmenos wrath. {potion of cancellation} removes this!
  7443 | D:5      | Found Ceturo's Assorted Antiques.
  7450 | D:5      | Bought a scroll labelled TED WES IRETI for 25 gold pieces
  7450 | D:5      | Bought a scroll labelled IFIT ATADAD for 25 gold pieces
  7450 | D:5      | Bought a scroll labelled GEKUTHRUVEA for 25 gold pieces
  7450 | D:5      | Bought 2 metallic silvery potions for 45 gold pieces
  7450 | D:5      | Bought a sedimented dark potion for 22 gold pieces
  7565 | D:5      | Found a staircase to the Ecumenical Temple.
  7575 | D:5      | Reached skill level 7 in Spellcasting
  7577 | Temple   | Entered the Ecumenical Temple
  9367 | D:6      | Reached skill level 8 in Spellcasting
  9649 | D:6      | quinnr: ??read id
  9649 | D:6      | beem: read id[1/2]: Do. Unless it's an uncleared floor and
                  | you haven't found teleportation. And maybe some other edge
                  | cases. See if you can figure them all out!
  9690 | D:5      | Reached XP level 9. HP: 17/55 MP: 0/0
  9690 | D:5      | Learned a level 4 spell: Summon Lightning Spire
  9908 | D:6      | Found an ornate altar of the Wu Jian Council.
 10306 | D:6      | Found a basalt altar of Yredelemnul.
 10306 | D:6      | Found a broken altar of Ashenzari.
 10308 | D:6      | Found a white marble altar of Elyvilon.
 10311 | D:6      | Found a glowing silver altar of Zin.
 10566 | D:6      | Reached skill level 9 in Spellcasting
 10686 | D:6      | Reached skill level 1 in Fighting
 11871 | D:7      | Found a snail-covered altar of Cheibriados.
 12368 | D:7      | Found an iron altar of Okawaru.
 13195 | D:8      | Reached XP level 10. HP: 59/67 MP: 0/0
 13376 | D:8      | You are sucked into a shaft and drop 3 floors!
 13377 | D:11     | Identified a scroll of acquirement
 13377 | D:11     | Acquired 843 gold pieces
 13462 | D:10     | Entered Level 10 of the Dungeon
 13469 | D:10     | Found an opulent altar of Gozag.
 14062 | D:10     | Noticed a centaur warrior
 14282 | D:9      | Reached skill level 10 in Spellcasting
 14463 | D:9      | Noticed Erica
 14584 | D:9      | Killed Erica
 14675 | D:9      | Found a staircase to the Lair.
 14677 | D:9      | Found a staircase to the Orcish Mines.
 15097 | D:9      | Found a burning altar of Makhleb.
 15125 | D:9      | Noticed Harold
 15132 | D:9      | Killed Harold
 15133 | D:9      | Reached skill level 11 in Spellcasting
 15151 | D:9      | Reached skill level 1 in Armour
 15151 | D:9      | Reached XP level 11. HP: 57/73 MP: 0/0
 15151 | D:9      | Learned a level 4 spell: Passage of Golubria
 15309 | D:9      | Noticed a two-headed ogre
 15314 | D:9      | Killed a two-headed ogre
 15502 | D:8      | Reached skill level 5 in Fighting
 15502 | D:8      | Reached skill level 5 in Dodging
 15526 | D:8      | Found a glowing golden altar of the Shining One.
 16100 | D:9      | Found a blossoming altar of Fedhas.
 16473 | D:10     | Found a hazy altar of Hepliaklqana.
 16478 | D:10     | Became a worshipper of Hepliaklqana the Forgotten
 16664 | D:10     | Killed a centaur warrior
 17148 | D:11     | Noticed a two-headed ogre
 17154 | D:11     | Killed a two-headed ogre
 17315 | Lair:1   | Entered Level 1 of the Lair of Beasts
 17315 | Lair:1   | Noticed Fannar
 17332 | D:9      | HP: 10/118 [Fannar/staff of cold (13)]
 17334 | D:9      | HP: 4/118 [water moccasin (6)]
 17334 | D:9      | Slain by Fannar

Illustrated notes

Levels and vault maps discovered:
D:1:      co_arrival_random_square_maze, layout_basic, serial_rivers,
          chequers_serial_rivers_large_b, chequers_serial_rivers_small_3,
          chequers_serial_rivers_marsh, chequers_serial_rivers_micro_e,
          minmay_tiny_reverse_x
D:2:      layout_basic, basic_altar
D:3:      layout_loops_ring, old_standard_altar, kennysheep_another_room,
          kennysheep_generic_room_6
D:4:      layout_rooms, serial_forest, infiniplex_forest_lined_room_,
          infiniplex_forest_end_2, infiniplex_forest_end_1,
          infiniplex_forest_straight_3, infiniplex_forest_straight_4,
          kennysheep_cross_bottleneck, kennysheep_decorative_pillar, uniq_pikel,
          uniq_menkaure
D:5:      layout_loops_corners, minmay_temple_entry_antechambers, serial_shops,
          nicolae_shop_waterfront, enter_ossuary_1,
          chequers_serial_rivers_small_a
D:6:      layout_gridville, grunt_temple_overflow_open, minmay_puff
D:7:      layout_basic, nicolae_overflow_hidden_temple, slow_altar_1,
          kennysheep_potato
D:8:      layout_rooms, chequers_mini_garden, nrook_mini_backslash,
          minmay_liquid_box, kennysheep_cluttered_room, minmay_ruined_shrine
D:9:      layout_long_grid, lemuel_coloured_pillars_altar, lemuel_round_altar,
          lair_entry_dummy, orc_0_dummy, billiards_dpeg, uniq_erica, uniq_harold
D:10:     layout_basic, grunt_gozag_statues, gammafunk_temple_overflow_wave
D:11:     layout_roguey, enter_trove_6
Temple:   pf_slime_end_temple
Lair:1:   layout_cave_shapes, enter_volcano_4, beast_lair_carwin_11,
          grunt_megastairs_5, uniq_fannar

Skill      XL: |  1  2  3  4  5  6  7  8  9 10 11 |
---------------+----------------------------------+-----
Stealth        | 2 4 |  4.0
Spellcasting   | 3 4 5 6 8 9 11 | 11.0
Fighting       | 4 7 |  7.6
Dodging        | 4 6 |  6.0
Armour         | 1 3 |  3.0

Action                   |  1- 3 |  4- 6 |  7- 9 | 10-12 || total
-------------------------+-------+-------+-------+-------++-------
Melee: Whip              |       |       |     7 |       ||     7
       Trident           |       |       |       |     7 ||     7
 Cast: Shock             |    78 |    64 |    51 |     2 ||   195
       Static Discharge  |       |     1 |       |       ||     1
       Call Imp          |       |    18 |    46 |    31 ||    95
       Airstrike         |       |     4 |   129 |   121 ||   254
       Lightning Bolt    |       |       |     9 |    12 ||    21
       Blink             |       |       |     2 |     3 ||     5
       Summon Lightning  |       |       |     1 |    19 ||    20
       Passage of Golubr |       |       |       |     2 ||     2
  Use: Scroll            |       |     2 |    14 |     6 ||    22
       Potion            |       |       |       |     5 ||     5
Armor: Robe              |     3 |     3 |     3 |     1 ||    10
       Troll leather arm |       |       |       |     8 ||     8
       Skin              |       |       |       |     8 ||     8
Dodge: Dodged            |    17 |     6 |    22 |    53 ||    98

Table legend: (Time is in decaauts)
 A = Elapsed time spent in this place.
 B = Non-inter-level travel time spent in this place.
 C = Inter-level travel time spent in this place.
 D = Time resting spent in this place.
 E = Time spent auto-exploring this place.
 F = Levels seen in this place.
 G = Mean time per level.
                   A        B        C        D        E       F      G
               +--------+--------+--------+--------+--------+-----+--------+
         Total |  17373 |  16293 |   1080 |   5500 |   8683 |  14 | 1240.9 |
       Dungeon |  15818 |  14751 |   1067 |   4735 |   8157 |  11 | 1438.0 |
        Temple |    148 |    135 |     13 |      0 |    135 |   1 |  148.0 |
          Lair |      5 |      5 |      0 |      0 |      0 |   1 |    5.0 |
       Ossuary |   1401 |   1401 |      0 |    765 |    391 |   1 | 1401.0 |
               +--------+--------+--------+--------+--------+-----+--------+

Top non-repeatable levels by time:
     D:5: 2328 daAuts
     D:6: 1996 daAuts
     D:3: 1896 daAuts
     D:2: 1545 daAuts
     D:1: 1486 daAuts
     D:7: 1464 daAuts
 Ossuary: 1401 daAuts
    D:10: 1390 daAuts
     D:9: 1259 daAuts
     D:4: 1058 daAuts
     D:8: 802 daAuts
    D:11: 590 daAuts
  Temple: 148 daAuts
  Lair:1: 5 daAuts
